 Dungeon Crawl Stone Soup version 0.27-a0-1139-g28e009f8a6 (webtiles) character file.

Game seed: 9938755162473803958

72 jestyr24 the Caller (level 4, 0/31 HPs)
             Began as a Merfolk Summoner on May 7, 2021.
             Slain by a hobgoblin (5 damage)
             ... led by Robin
             ... on level 3 of the Dungeon.
             The game lasted 00:26:46 (4415 turns).

jestyr24 the Caller (Merfolk Summoner)              Turns: 4415, Time: 00:26:47

Health: 0/31       AC:  3    Str:  8    XL:     4   Next: 25%
Magic:  0/8        EV: 13    Int: 15    God:
Gold:   182        SH:  0    Dex: 14    Spells: 2/8 levels left

rFire    . . .     SeeInvis .   b - +0 dagger
rCold    . . .     Faith    .   (no shield)
rNeg     . . .     Spirit   .   a - +0 robe
rPois    .         Reflect  .   h - +0 helmet
rElec    .         Harm     .   (no cloak)
rCorr    .         Rampage  .   (no gloves)
Will     .....                  (no boots)
Stlth    ++........             (no amulet)
HPRegen  0.10/turn              (no ring)
MPRegen  0.11/turn              (no ring)

@: no status effects
A: (nimble swimmer 2), mertail
a: no special abilities


You were on level 3 of the Dungeon.
You visited 1 branch of the dungeon, and saw 4 of its levels.

You collected 182 gold pieces.

Inventory:

Hand Weapons
 b - a +0 dagger (weapon)
Missiles
 f - 16 poisoned darts
 i - 4 boomerangs
Armour
 a - a +0 robe (worn)
 h - a +0 helmet (worn)
Jewellery
 k - a ring of ice
Scrolls
 c - a scroll of amnesia {unknown}
 e - a scroll of fear
 m - a scroll of magic mapping {unknown}
Potions
 d - a potion of resistance
 g - 4 potions of attraction {unknown}
 j - 2 potions of curing {unknown}
 l - a potion of lignification {unknown}
 n - a potion of degeneration {unknown}


   Skills:
 + Level 0.9 Fighting
 + Level 3.1 Dodging
 + Level 2.6 Stealth
 + Level 2.9 Spellcasting
 + Level 4.6 Summonings


You had 2 spell levels left.
You knew the following spells:

 Your Spells              Type           Power      Damage    Failure   Level
a - Summon Small Mammal   Summ           64%        N/A       3%          1
b - Call Imp              Summ           16%        N/A       4%          2
c - Call Canine Familiar  Summ           16%        N/A       9%          3

Your spell library contained the following spells:

 Spells                   Type           Power      Damage    Failure   Level
 Magic Dart               Conj           8%         1d3       21%         1
 Blink                    Tloc           N/A        N/A       30%         2
 Slow                     Hex            2%         N/A       30%         2
 Summon Guardian Golem    Hex/Summ       9%         N/A       24%         3
 Conjure Flame            Conj/Fire      2%         6-21      52%         3
 Mephitic Cloud           Conj/Pois/Air  2%         N/A       52%         3
 Summon Ice Beast         Ice/Summ       9%         N/A       61%         4
 Summon Lightning Spire   Summ/Air       9%         N/A       61%         4


Dungeon Overview and Level Annotations

Branches:
Dungeon (4/15)
 Temple: D:4-7

Altars:
Sif Muna


Innate Abilities, Weirdness & Mutations

((You are quick and stealthy near water. (Stealth+, EV+, Speed+++)))
Your lower body shifts to a powerful aquatic tail in water.


Message History

The hobgoblin hits you.
* * * LOW HITPOINT WARNING * * *
Your hound bites Robin.
Robin dies!
Your white imp gestures at the goblin.
The puff of frost hits the goblin!
The goblin dies!
The goblin shoots a stone.
The stone barely misses you.
Your hound barely misses the hobgoblin.
The hobgoblin closely misses you.
There is a stone staircase leading up here.
The hobgoblin hits your white imp but does no damage.
Your hound bites the hobgoblin.
The goblin shoots a stone.
The stone closely misses you.
Your quokka barely misses the hobgoblin.
The hobgoblin closely misses you.
You climb upwards.
There is a stone staircase leading down here.
Casting: Call Imp (safe; 4% risk of failure)
Confirm with . or Enter, or press ? or * to list all spells.
A beastly little devil appears in a puff of flame.
The hobgoblin misses you.
You hit the hobgoblin.
The hobgoblin is heavily wounded.
The hobgoblin misses you.
You barely miss the hobgoblin.
The hobgoblin is heavily wounded.
Your crimson imp barely misses the hobgoblin.
The hobgoblin misses you.
You hit the hobgoblin.
The hobgoblin is severely wounded.
Your crimson imp blinks!
The hobgoblin closely misses you.
You completely miss the hobgoblin.
The hobgoblin is severely wounded.
The hobgoblin hits you.
* * * LOW HITPOINT WARNING * * *
You hit the hobgoblin but do no damage.
The hobgoblin is severely wounded.
The hobgoblin hits you.
You die...

#..........#.........###
#..........#.........# #
########....#.........###
#.....##....#...........#
#.....##....#............
#########.....##.........#+#.....
.........................#.'.....
#########......ยง###.....####.....
#.r....5.g@.......####.....
#.##.......##..............
#.##.......##..............
#.##..................#####
#^##..................+....
#.##..................###..
#######.##..........#####'##.....
........##..........# #.##.....
.#########..........### #.##.....


You could see a hobgoblin (strong, ally target) and a friendly crimson imp
(summoned).

Vanquished Creatures
  An adder (D:3)
  3 ball pythons
  2 endoplasms (D:2)
  3 bats
  A frilled lizard (D:1)
  2 goblins (D:1)
  A kobold (D:1)
  2 rats (D:3)
15 creatures vanquished.

Vanquished Creatures (collateral kills)
  Robin (D:4)
  2 adders
  A worm (D:4)
  2 dart slugs
  An orc (D:4)
  3 bats
  4 endoplasms
  2 giant cockroaches
  12 goblins
  A hobgoblin (D:1)
  2 jackals (D:3)
  3 kobolds
  A quokka (D:1)
  5 ball pythons
  3 frilled lizards
  5 rats
48 creatures vanquished.

Grand Total: 63 creatures vanquished

Notes
Turn   | Place    | Note
-------+----------+-------------------------------------------
     0 | D:1      | jestyr24 the Merfolk Summoner began the quest for the Orb.
     0 | D:1      | Reached XP level 1. HP: 13/13 MP: 3/3
   723 | D:1      | Reached XP level 2. HP: 17/19 MP: 1/5
   904 | D:1      | Learned a level 2 spell: Call Imp
  1671 | D:2      | Reached XP level 3. HP: 21/25 MP: 2/6
  2473 | D:2      | Learned a level 3 spell: Call Canine Familiar
  2864 | D:3      | Found a faded altar of an unknown god.
  4008 | D:4      | Reached XP level 4. HP: 31/31 MP: 3/8
  4051 | D:4      | Found a shimmering blue altar of Sif Muna.
  4395 | D:4      | Noticed Robin
  4407 | D:4      | Killed Robin
  4415 | D:3      | Slain by a hobgoblin

Illustrated notes

Levels and vault maps discovered:
D:1:      wander_arrival_chamber, layout_loops_ring
D:2:      layout_loops_ring
D:3:      layout_basic, hellmonk_ecumenical_altar_prayer_group
D:4:      layout_rooms, lemuel_doored_altar,
          chequers_temple_overflow_minitemple, corexii_hall_statues_i,
          uniq_robin

Skill      XL: |  1  2  3 |
---------------+----------+-----
Dodging        | 3 |  3.1
Fighting       | |  0.9
Stealth        | |  2.6
Spellcasting   | |  2.9
Summonings     | |  4.6

Action                   |  1- 3 |  4- 6 || total
-------------------------+-------+-------++-------
Melee: Unarmed           |    19 |       ||    19
       Dagger            |    80 |    15 ||    95
 Cast: Summon Small Mamm |    58 |     3 ||    61
       Call Imp          |    10 |     5 ||    15
       Call Canine Famil |     1 |     2 ||     3
  Use: Potion            |     1 |       ||     1
       Scroll            |     4 |       ||     4
 Stab: Distracted        |     2 |       ||     2
       Sleeping          |     3 |       ||     3
Armor: Robe              |    31 |     1 ||    32
Dodge: Dodged            |   103 |    17 ||   120

Table legend: (Time is in decaauts)
 A = Elapsed time spent in this place.
 B = Non-inter-level travel time spent in this place.
 C = Inter-level travel time spent in this place.
 D = Time resting spent in this place.
 E = Time spent auto-exploring this place.
 F = Levels seen in this place.
 G = Mean time per level.
                   A        B        C        D        E       F      G
               +--------+--------+--------+--------+--------+-----+--------+
         Total |   4395 |   4361 |     34 |   1383 |   2007 |   4 | 1098.8 |
       Dungeon |   4395 |   4361 |     34 |   1383 |   2007 |   4 | 1098.8 |
               +--------+--------+--------+--------+--------+-----+--------+

Top non-repeatable levels by time:
     D:1: 1487 daAuts
     D:3: 1425 daAuts
     D:2: 1067 daAuts
     D:4: 415 daAuts
